Workbook
Name AbaDeprec: '5. Depreciação'!$A$1
Name AbaRemun: '6.Remuneração de capital'!$A$1

Sheet 1. LOTE 1
A7: ESTADO DO RIO GRANDE DO SUL
A8: PREFEITURA MUNICIPAL DE CACHOEIRINHA
A9: SECRETARIA MUNICIPAL DE INFRAESTRUTURA E SERVIÇOS URBANOS - SMISU
A12: 1. SERVIÇOS DE MANUTENÇÃO (PRAÇAS) - LOTE 1
A13: Modelo de Planilha de Composição de Custos
A14: PRAÇAS: PARCÃO DE CACHOEIRINHA ,JUVENTUDE E GETULIO VARGAS
A18: Orçamento Sintético
A19: Descrição do Item | E19: Custo (R$/mês) | F19: %
A20: =A60 -> 1. Mão-de-obra | E20: =+F174 -> 128485.31 | F20: =IFERROR(E20/$E$38,0) -> 0.61364158
A21: =A62 -> 1.1. Pedreiro | E21: =F73 -> 18947.64 | F21: =IFERROR(E21/$E$38,0) -> 0.090493301
A22: =A75 -> 1.2. Servente de pedreiro | E22: =F84 -> 19008.12 | F22: =IFERROR(E22/$E$38,0) -> 0.090782151
A23: =A86 -> 1.3. Auxiliar de Serviços Gerais | E23: =F95 -> 54231.48 | F23: =IFERROR(E23/$E$38,0) -> 0.25900775
A24: =A46 -> 1.4. Soldador | E24: =F106 -> 4803.8063 | F24: =IFERROR(E24/$E$38,0) -> 0.02294282
A25: =A47 -> 1.5. Eletricista | E25: =F117 -> 4223.0875 | F25: =IFERROR(E25/$E$38,0) -> 0.020169326
A26: =A48 -> 1.6. Supervisor | E26: =F128 -> 6025.71 | F26: =IFERROR(E26/$E$38,0) -> 0.028778591
A27: =A130 -> 1.7. Técnico Segurança do Trabalho | E27: =F135 -> 491.72 | F27: =IFERROR(E27/$E$38,0) -> 0.0023484384
A28: =A50 -> 1.8. Responsável Técnico (Engenheiro Civil) | E28: =F142 -> 957.56 | F28: =IFERROR(E28/$E$38,0) -> 0.0045732748
A29: =A147 -> 1.5. Vale Transporte | E29: =F159 -> 6111.9 | F29: =IFERROR(E29/$E$38,0) -> 0.029190232
A30: =A161 -> 1.6. Cartão Alimentação | E30: =F171 -> 19710 | F30: =IFERROR(E30/$E$38,0) -> 0.094134307
A31: =A176 -> 2. Uniformes e Equipamentos de Proteção Individual | E31: =+F246 -> 8220.93 | F31: =IFERROR(E31/$E$38,0) -> 0.039262889
A32: =A248 -> 3. Veículos | E32: =+F363 -> 12692.66 | F32: =IFERROR(E32/$E$38,0) -> 0.060619724
A33: =A250 -> 3.1. Veículo Tipo Pick-Up 4x2 ou 4x4 | E33: =F261 -> 2582.04 | F33: =IFERROR(E33/$E$38,0) -> 0.012331738
A34: =A306 -> 3.2. | E34: =F317 -> 0 | F34: =IFERROR(E34/$E$38,0) -> 0
A35: =A365 -> 4. Ferramentas e Materiais de Consumo | E35: =+F402 -> 10316.05 | F35: =IFERROR(E35/$E$38,0) -> 0.049269113
A36: =A406 -> 5. Reforma dos Banheiros | E36: =F413 -> 10930.277 | F36: =IFERROR(E36/$E$38,0) -> 0.052202639
A37: =A419 -> 6. Benefícios e Despesas Indiretas - BDI | E37: =+F424 -> 38736.46 | F37: =IFERROR(E37/$E$38,0) -> 0.18500405
A38: PREÇO TOTAL MENSAL | E38: =SUM(E20+E31+E32+E36+E35+E37) -> 209381.69 | F38: =F20+F31+F36+F32+F35+F37 -> 1
A39: PREÇO TOTAL TRIMESTRAL | E39: =E38*3 -> 628145.06
A41: Quantitativos
A42: Mão-de-obra | E42: Quantidade
A43: =A21 -> 1.1. Pedreiro | E43: 3
A44: =A22 -> 1.2. Servente de pedreiro | E44: 6
A45: =A86 -> 1.3. Auxiliar de Serviços Gerais | E45: 18
A46: =A97 -> 1.4. Soldador | E46: 3
A47: =A108 -> 1.5. Eletricista | E47: 3
A48: =A119 -> 1.6. Supervisor | E48: 1
A49: =A27 -> 1.7. Técnico Segurança do Trabalho | E49: 1
A50: =A137 -> 1.8. Responsável Técnico (Engenheiro Civil) | E50: 1
A51: Total de mão-de-obra (postos de trabalho) | E51: =SUM(E43:E50) -> 36
A53: Veículos e Equipamentos | E53: Quantidade
A54: =+A250 -> 3.1. Veículo Tipo Pick-Up 4x2 ou 4x4 | E54: 2
A55: =A306 -> 3.2. | E55: 0
A58: Fator de utilização (FU) | B58: 1
A60: 1. Mão-de-obra
A62: 1.1. Pedreiro
A63: Discriminação | B63: Unidade | C63: Quantidade | D63: Custo unitário | E63: Subtotal | F63: Total (R$)
A64: Piso da categoria | B64: mês | C64: 1 | D64: 3701.79 | E64: =TRUNC(C64*D64,2) -> 3701.79 | H64: SINAPI RS/2026 - 41065
A65: Horas Extras (100%) | B65: hora | C65: 0 | D65: =D64/220*2 -> 33.652636 | E65: =TRUNC(C65*D65,2) -> 0
A66: Horas Extras (50%) | B66: hora | D66: =D64/220*1.5 -> 25.239477 | E66: =C66*D66 -> 0
A67: Descanso Semanal Remunerado (DSR) - hora extra | B67: R$ | C67: 1.53 | D67: =63/302*(SUM(E65)) -> 0 | E67: =D67*C67 -> 0
A68: Adicional de Insalubridade | B68: % | C68: 0 | D68: =D64 -> 3701.79 | E68: =TRUNC(C68*D68/100,2) -> 0
A69: Soma | E69: =TRUNC(SUM(E64:E68),2) -> 3701.79
A70: Encargos Sociais | B70: % | C70: ='3.Encargos Sociais'!$C$35*100 -> 70.61696 | D70: =E69 -> 3701.79 | E70: =TRUNC(D70*C70/100,2) -> 2614.09
A71: Total por Pedreiro | E71: =TRUNC(E69+E70,2) -> 6315.88
A72: Total do Efetivo | B72: homem | C72: =E43 -> 3 | D72: =E71 -> 6315.88 | E72: =TRUNC(C72*D72,2) -> 18947.64
D73: Fator de utilização | E73: =$B$58 -> 1 | F73: =TRUNC(E72*E73,2) -> 18947.64
A75: 1.2. Servente de pedreiro
A76: Discriminação | B76: Unidade | C76: Quantidade | D76: Custo unitário | E76: Subtotal | F76: Total (R$)
A77: Salário Normal | B77: mês | C77: 1 | D77: 1856.8 | E77: =ROUND(D77*C77,2) -> 1856.8 | H77: CTT - Sinduscon 25/26
A78: Horas Extras (100%) | B78: hora | C78: 0 | D78: 25.602636 | E78: =ROUND(D78*C78,2) -> 0
A79: Adicional de Insalubridade | B79: % | C79: 0 | D79: 1412 | E79: =ROUND(C79/100*D79,2) -> 0
A80: Soma | E80: =SUM(E77:E79) -> 1856.8
A81: Encargos Sociais | B81: % | C81: =C70 -> 70.61696 | D81: =D77 -> 1856.8 | E81: =ROUND(C81/100*D81,2) -> 1311.22
A82: Total por Servente de Pedreiro | E82: =E80+E81 -> 3168.02
A83: Total do Efetivo | B83: homem | C83: =E44 -> 6 | D83: =E82 -> 3168.02 | E83: =ROUND(D83*C83,2) -> 19008.12
D84: Fator de utilização | E84: =$B$58 -> 1 | F84: =E83*E84 -> 19008.12
A86: 1.3. Auxiliar de Serviços Gerais
A87: Discriminação | B87: Unidade | C87: Quantidade | D87: Custo unitário | E87: Subtotal | F87: Total (R$)
A88: Salário Normal | B88: mês | C88: 1 | D88: 1765.86 | E88: =ROUND(D88*C88,2) -> 1765.86 | H88: CTT - Sindasseio 2026
A89: Horas Extras (100%) | B89: hora | C89: 0 | D89: 25.602636 | E89: =ROUND(D89*C89,2) -> 0
A90: Adicional de Insalubridade | B90: % | C90: 0 | D90: 1412 | E90: =ROUND(C90/100*D90,2) -> 0
A91: Soma | E91: =SUM(E88:E90) -> 1765.86
A92: Encargos Sociais | B92: % | C92: =C81 -> 70.61696 | D92: =D88 -> 1765.86 | E92: =ROUND(C92/100*D92,2) -> 1247
A93: Total por Auxiliar de Serviços Gerais | E93: =E91+E92 -> 3012.86
A94: Total do Efetivo | B94: homem | C94: =E45 -> 18 | D94: =E93 -> 3012.86 | E94: =ROUND(D94*C94,2) -> 54231.48
D95: Fator de utilização | E95: =$B$58 -> 1 | F95: =E94*E95 -> 54231.48
A97: 1.4. Soldador
A98: Discriminação | B98: Unidade | C98: Quantidade | D98: Custo unitário | E98: Subtotal | F98: Total (R$) | H98: SINAPI-I RS/2026 - 41087
A99: Salário Normal | B99: mês | C99: 1 | D99: 4504.88 | E99: =ROUND(D99*C99,2) -> 4504.88
A100: Horas Extras (100%) | B100: hora | C100: 0 | D100: 25.602636 | E100: =ROUND(D100*C100,2) -> 0
A101: Adicional de Insalubridade | B101: % | C101: 0 | D101: 1412 | E101: =ROUND(C101/100*D101,2) -> 0
A102: Soma | E102: =SUM(E99:E101) -> 4504.88
A103: Encargos Sociais | B103: % | C103: =C92 -> 70.61696 | D103: =D99 -> 4504.88 | E103: =ROUND(C103/100*D103,2) -> 3181.21
A104: Total por Soldador | E104: =E102+E103 -> 7686.09
A105: Total do Efetivo | B105: homem | C105: =E46 -> 3 | D105: =E104 -> 7686.09 | E105: =ROUND(D105*C105,2) -> 23058.27
A106: *Considerando 10hs semanais | D106: Fator de utilização | E106: =10/(6*8) -> 0.20833333 | F106: =E105*E106 -> 4803.8063
A108: 1.5. Eletricista
A109: Discriminação | B109: Unidade | C109: Quantidade | D109: Custo unitário | E109: Subtotal | F109: Total (R$)
A110: Salário Normal | B110: mês | C110: 1 | D110: 3960.3 | E110: =ROUND(D110*C110,2) -> 3960.3 | H110: SINAPI-I RS/2026 - 40918
A111: Horas Extras (100%) | B111: hora | C111: 0 | D111: 25.602636 | E111: =ROUND(D111*C111,2) -> 0
A112: Adicional de Insalubridade | B112: % | C112: 0 | D112: 1412 | E112: =ROUND(C112/100*D112,2) -> 0
A113: Soma | E113: =SUM(E110:E112) -> 3960.3
A114: Encargos Sociais | B114: % | C114: =C103 -> 70.61696 | D114: =D110 -> 3960.3 | E114: =ROUND(C114/100*D114,2) -> 2796.64
A115: Total por Eletricista | E115: =E113+E114 -> 6756.94
A116: Total do Efetivo | B116: homem | C116: =E47 -> 3 | D116: =E115 -> 6756.94 | E116: =ROUND(D116*C116,2) -> 20270.82
A117: *Considerando 10hs semanais | D117: Fator de utilização | E117: =10/(6*8) -> 0.20833333 | F117: =E116*E117 -> 4223.0875
A119: 1.6. Supervisor
A120: Discriminação | B120: Unidade | C120: Quantidade | D120: Custo unitário | E120: Subtotal | F120: Total (R$)
A121: Salário Normal | B121: mês | C121: 1 | D121: =D88*2 -> 3531.72 | E121: =ROUND(D121*C121,2) -> 3531.72 | H121: Dobro do salario do Auxiliar
A122: Horas Extras (100%) | B122: hora | C122: 0 | D122: 25.602636 | E122: =ROUND(D122*C122,2) -> 0
...

Sheet 2. LOTE 2
A7: ESTADO DO RIO GRANDE DO SUL
A8: PREFEITURA MUNICIPAL DE CACHOEIRINHA
A9: SECRETARIA MUNICIPAL DE INFRAESTRUTURA E SERVIÇOS URBANOS - SMISU
A12: 2. SERVIÇOS DE MANUTENÇÃO (PRAÇAS) - LOTE 2
A13: Modelo de Planilha de Composição de Custos
A14: PRAÇAS: CONQUISTA, BÍBLIA e ILDO CAÇAPAVA
A18: Orçamento Sintético
A19: Descrição do Item | E19: Custo (R$/mês) | F19: %
A20: =A59 -> 1. Mão-de-obra | E20: =+F171 -> 79260.21 | F20: =IFERROR(E20/$E$37,0) -> 0.59399763
A21: =A61 -> 1.1. Pedreiro | E21: =F72 -> 6315.88 | F21: =IFERROR(E21/$E$37,0) -> 0.047332927
A22: =A74 -> 1.2. Servente de pedreiro | E22: =F83 -> 6336.04 | F22: =IFERROR(E22/$E$37,0) -> 0.047484012
A23: =A85 -> 1.3. Auxiliar de Serviços Gerais | E23: =F94 -> 36154.32 | F23: =IFERROR(E23/$E$37,0) -> 0.27095033
A24: =A45 -> 1.4. Soldador | E24: =F105 -> 4803.8063 | F24: =IFERROR(E24/$E$37,0) -> 0.036001034
A25: =A46 -> 1.5. Eletricista | E25: =F116 -> 4223.0875 | F25: =IFERROR(E25/$E$37,0) -> 0.031648969
A26: =A47 -> 1.6. Supervisor | E26: =F127 -> 6025.71 | F26: =IFERROR(E26/$E$37,0) -> 0.045158314
A27: =A129 -> 1.7. Técnico Segurança do Trabalho | E27: =F134 -> 491.72 | F27: =IFERROR(E27/$E$37,0) -> 0.0036850838
A28: =A49 -> 1.8. Responsável Técnico (Engenheiro Civil) | E28: =F141 -> 957.56 | F28: =IFERROR(E28/$E$37,0) -> 0.0071762158
A29: =A146 -> 1.5. Vale Transporte | E29: =F158 -> 4341.29 | F29: =IFERROR(E29/$E$37,0) -> 0.032534811
A30: =A160 -> 1.6. Cartão Alimentação | E30: =F168 -> 9610.8 | F30: =IFERROR(E30/$E$37,0) -> 0.072025956
A31: =A173 -> 2. Uniformes e Equipamentos de Proteção Individual | E31: =+F243 -> 5545.05 | F31: =IFERROR(E31/$E$37,0) -> 0.041556117
A32: =A245 -> 3. Veículos | E32: =+F360 -> 11401.64 | F32: =IFERROR(E32/$E$37,0) -> 0.085446999
A33: =A247 -> 3.1. Veículo Tipo Pick-Up 4x2 ou 4x4 | E33: =F258 -> 1291.02 | F33: =IFERROR(E33/$E$37,0) -> 0.0096752559
A34: =A303 -> 3.2. Veículo utilitário para fiscal | E34: =F314 -> 0 | F34: =IFERROR(E34/$E$37,0) -> 0
A35: =A362 -> 4. Ferramentas e Materiais de Consumo | E35: =+F396 -> 12542.27 | F35: =IFERROR(E35/$E$37,0) -> 0.093995192
A36: =A405 -> 5. Benefícios e Despesas Indiretas - BDI | E36: =+F410 -> 24686.06 | F36: =IFERROR(E36/$E$37,0) -> 0.18500407
A37: PREÇO TOTAL MENSAL | E37: =SUM(E20+E31+E32+E35+E36) -> 133435.23 | F37: =F20+F31+F32+F35+F36 -> 1
A38: PREÇO TOTAL TRIMESTRAL | E38: =E37*3 -> 400305.69
A40: Quantitativos
A41: Mão-de-obra | E41: Quantidade
A42: =A21 -> 1.1. Pedreiro | E42: 1
A43: =A22 -> 1.2. Servente de pedreiro | E43: 2
A44: =A85 -> 1.3. Auxiliar de Serviços Gerais | E44: 12
A45: =A96 -> 1.4. Soldador | E45: 3
A46: =A107 -> 1.5. Eletricista | E46: 3
A47: =A118 -> 1.6. Supervisor | E47: 1
A48: =A27 -> 1.7. Técnico Segurança do Trabalho | E48: 1
A49: =A136 -> 1.8. Responsável Técnico (Engenheiro Civil) | E49: 1
A50: Total de mão-de-obra (postos de trabalho) | E50: =SUM(E42:E49) -> 24
A52: Veículos e Equipamentos | E52: Quantidade
A53: =+A247 -> 3.1. Veículo Tipo Pick-Up 4x2 ou 4x4 | E53: 1
A54: =A303 -> 3.2. Veículo utilitário para fiscal | E54: 0
A57: Fator de utilização (FU) | B57: 1
A59: 1. Mão-de-obra
A61: 1.1. Pedreiro
A62: Discriminação | B62: Unidade | C62: Quantidade | D62: Custo unitário | E62: Subtotal | F62: Total (R$)
A63: Piso da categoria | B63: mês | C63: 1 | D63: 3701.79 | E63: =TRUNC(C63*D63,2) -> 3701.79 | H63: SINAPI RS/2026 - 41065
A64: Horas Extras (100%) | B64: hora | C64: 0 | D64: =D63/220*2 -> 33.652636 | E64: =TRUNC(C64*D64,2) -> 0
A65: Horas Extras (50%) | B65: hora | D65: =D63/220*1.5 -> 25.239477 | E65: =C65*D65 -> 0
A66: Descanso Semanal Remunerado (DSR) - hora extra | B66: R$ | C66: 1.53 | D66: =63/302*(SUM(E64)) -> 0 | E66: =D66*C66 -> 0
A67: Adicional de Insalubridade | B67: % | C67: 0 | D67: =D63 -> 3701.79 | E67: =TRUNC(C67*D67/100,2) -> 0
A68: Soma | E68: =TRUNC(SUM(E63:E67),2) -> 3701.79
A69: Encargos Sociais | B69: % | C69: ='3.Encargos Sociais'!$C$35*100 -> 70.61696 | D69: =E68 -> 3701.79 | E69: =TRUNC(D69*C69/100,2) -> 2614.09
A70: Total por Pedreiro | E70: =TRUNC(E68+E69,2) -> 6315.88
A71: Total do Efetivo | B71: homem | C71: =E42 -> 1 | D71: =E70 -> 6315.88 | E71: =TRUNC(C71*D71,2) -> 6315.88
D72: Fator de utilização | E72: =$B$57 -> 1 | F72: =TRUNC(E71*E72,2) -> 6315.88
A74: 1.2. Servente de pedreiro
A75: Discriminação | B75: Unidade | C75: Quantidade | D75: Custo unitário | E75: Subtotal | F75: Total (R$)
A76: Salário Normal | B76: mês | C76: 1 | D76: 1856.8 | E76: =ROUND(D76*C76,2) -> 1856.8 | H76: CTT - Sinduscon 25/26
A77: Horas Extras (100%) | B77: hora | C77: 0 | D77: 25.602636 | E77: =ROUND(D77*C77,2) -> 0
A78: Adicional de Insalubridade | B78: % | C78: 0 | D78: 1412 | E78: =ROUND(C78/100*D78,2) -> 0
A79: Soma | E79: =SUM(E76:E78) -> 1856.8
A80: Encargos Sociais | B80: % | C80: =C69 -> 70.61696 | D80: =D76 -> 1856.8 | E80: =ROUND(C80/100*D80,2) -> 1311.22
A81: Total por Servente de Pedreiro | E81: =E79+E80 -> 3168.02
A82: Total do Efetivo | B82: homem | C82: =E43 -> 2 | D82: =E81 -> 3168.02 | E82: =ROUND(D82*C82,2) -> 6336.04
D83: Fator de utilização | E83: =$B$57 -> 1 | F83: =E82*E83 -> 6336.04
A85: 1.3. Auxiliar de Serviços Gerais
A86: Discriminação | B86: Unidade | C86: Quantidade | D86: Custo unitário | E86: Subtotal | F86: Total (R$)
A87: Salário Normal | B87: mês | C87: 1 | D87: 1765.86 | E87: =ROUND(D87*C87,2) -> 1765.86 | H87: CTT - Sindasseio 2026
A88: Horas Extras (100%) | B88: hora | C88: 0 | D88: 25.602636 | E88: =ROUND(D88*C88,2) -> 0
A89: Adicional de Insalubridade | B89: % | C89: 0 | D89: 1412 | E89: =ROUND(C89/100*D89,2) -> 0
A90: Soma | E90: =SUM(E87:E89) -> 1765.86
A91: Encargos Sociais | B91: % | C91: =C80 -> 70.61696 | D91: =D87 -> 1765.86 | E91: =ROUND(C91/100*D91,2) -> 1247
A92: Total por Auxiliar de Serviços Gerais | E92: =E90+E91 -> 3012.86
A93: Total do Efetivo | B93: homem | C93: =E44 -> 12 | D93: =E92 -> 3012.86 | E93: =ROUND(D93*C93,2) -> 36154.32
D94: Fator de utilização | E94: =$B$57 -> 1 | F94: =E93*E94 -> 36154.32
A96: 1.4. Soldador
A97: Discriminação | B97: Unidade | C97: Quantidade | D97: Custo unitário | E97: Subtotal | F97: Total (R$) | H97: SINAPI-I RS/2026 - 41087
A98: Salário Normal | B98: mês | C98: 1 | D98: 4504.88 | E98: =ROUND(D98*C98,2) -> 4504.88
A99: Horas Extras (100%) | B99: hora | C99: 0 | D99: 25.602636 | E99: =ROUND(D99*C99,2) -> 0
A100: Adicional de Insalubridade | B100: % | C100: 0 | D100: 1412 | E100: =ROUND(C100/100*D100,2) -> 0
A101: Soma | E101: =SUM(E98:E100) -> 4504.88
A102: Encargos Sociais | B102: % | C102: =C91 -> 70.61696 | D102: =D98 -> 4504.88 | E102: =ROUND(C102/100*D102,2) -> 3181.21
A103: Total por Soldador | E103: =E101+E102 -> 7686.09
A104: Total do Efetivo | B104: homem | C104: =E45 -> 3 | D104: =E103 -> 7686.09 | E104: =ROUND(D104*C104,2) -> 23058.27
A105: *Considerando 10hs semanais | D105: Fator de utilização | E105: =10/(6*8) -> 0.20833333 | F105: =E104*E105 -> 4803.8063
A107: 1.5. Eletricista
A108: Discriminação | B108: Unidade | C108: Quantidade | D108: Custo unitário | E108: Subtotal | F108: Total (R$)
A109: Salário Normal | B109: mês | C109: 1 | D109: 3960.3 | E109: =ROUND(D109*C109,2) -> 3960.3 | H109: SINAPI-I RS/2026 - 40918
A110: Horas Extras (100%) | B110: hora | C110: 0 | D110: 25.602636 | E110: =ROUND(D110*C110,2) -> 0
A111: Adicional de Insalubridade | B111: % | C111: 0 | D111: 1412 | E111: =ROUND(C111/100*D111,2) -> 0
A112: Soma | E112: =SUM(E109:E111) -> 3960.3
A113: Encargos Sociais | B113: % | C113: =C102 -> 70.61696 | D113: =D109 -> 3960.3 | E113: =ROUND(C113/100*D113,2) -> 2796.64
A114: Total por Eletricista | E114: =E112+E113 -> 6756.94
A115: Total do Efetivo | B115: homem | C115: =E46 -> 3 | D115: =E114 -> 6756.94 | E115: =ROUND(D115*C115,2) -> 20270.82
A116: *Considerando 10hs semanais | D116: Fator de utilização | E116: =10/(6*8) -> 0.20833333 | F116: =E115*E116 -> 4223.0875
A118: 1.6. Supervisor
A119: Discriminação | B119: Unidade | C119: Quantidade | D119: Custo unitário | E119: Subtotal | F119: Total (R$)
A120: Salário Normal | B120: mês | C120: 1 | D120: =D87*2 -> 3531.72 | E120: =ROUND(D120*C120,2) -> 3531.72 | H120: Dobro do salario do Auxiliar
A121: Horas Extras (100%) | B121: hora | C121: 0 | D121: 25.602636 | E121: =ROUND(D121*C121,2) -> 0
A122: Adicional de Insalubridade | B122: % | C122: 0 | D122: 1412 | E122: =ROUND(C122/100*D122,2) -> 0
...

Sheet 3.Encargos Sociais
A5: 3. Composição dos Encargos Sociais
A6: Código | B6: Descrição | C6: Valor
A7: A1 | B7: INSS | C7: 0.2
A8: A2 | B8: SESI | C8: 0.015
A9: A3 | B9: SENAI | C9: 0.01
A10: A4 | B10: INCRA | C10: 0.002
A11: A5 | B11: SEBRAE | C11: 0.006
A12: A6 | B12: Salário educação | C12: 0.025
A13: A7 | B13: Seguro contra acidentes de trabalho | C13: 0.03
A14: A8 | B14: FGTS | C14: 0.08
A15: A | B15: SOMA GRUPO A | C15: =SUM(C7:C14) -> 0.368
A17: B1 | B17: Férias gozadas | C17: 0.0619
A18: B2 | B18: 13º salário | C18: 0.0833
A19: B3 | B19: Licença Paternidade | C19: 0.0006
A20: B4 | B20: Faltas justificadas | C20: 0.0082
A21: B5 | B21: Auxilio acidente de trabalho | C21: 0.0031
A22: B6 | B22: Auxilio doença | C22: 0.0166
A23: B | B23: SOMA GRUPO B | C23: =SUM(C17:C22) -> 0.1737
A25: C1 | B25: Aviso prévio indenizado | C25: 0.0256
A26: C2 | B26: Férias indenizadas | C26: 0.0492
A27: C3 | B27: Férias indenizadas s/ aviso previo inden. | C27: 0.0013
A28: C4 | B28: Depósito rescisão sem justa causa | C28: 0.0205
A29: C5 | B29: Indenização adicional | C29: 0.0019
A30: C | B30: SOMA GRUPO C | C30: =SUM(C25:C29) -> 0.0985
A32: D1 | B32: Reincidência de Grupo A sobre Grupo B | C32: =C15*C23 -> 0.0639216
A33: D2 | B33: Reincidência de FGTS sobre aviso prévio indenizado | C33: =C25*C14 -> 0.002048
A34: D | B34: SOMA GRUPO D | C34: =SUM(C32:C33) -> 0.0659696
B35: SOMA (A+B+C+D) | C35: =C34+C30+C23+C15 -> 0.7061696

Sheet 4.BDI
A1: Orientações para preenchimento:
A2: 1. Esta planilha é somente um modelo-base e deve ser ajustada conforme cada caso concreto.
A3: 2. Preencher somente células em amarelo
A6: 4. Composição do BDI - Benefícios e Despesas Indiretas
D8: Referência estudo TCE
D9: 1° Quartil | E9: Médio | F9: 3° Quartil
A10: Administração Central | B10: AC | C10: 0.0297 | D10: 0.0297 | E10: 0.0508 | F10: 0.0627
A11: Seguros/Riscos/Garantias | B11: SRG | C11: 0.0086 | D11: =0.003+0.0056 -> 0.0086 | E11: =0.0048+0.0085 -> 0.0133 | F11: =0.0082+0.0089 -> 0.0171
A12: Lucro | B12: L | C12: 0.0778 | D12: 0.0778 | E12: 0.1085 | F12: 0.1355
A13: Despesas Financeiras | B13: DF | C13: 0.029 | D13: i | E13: 0.1275
A14: Tributos - ISS | B14: T | C14: 0.025 | D14: DU | E14: 60
A15: Tributos - PIS/COFINS | C15: 0.0365
A16: Fórmula para o cálculo do BDI:
A17: {[(1+AC+SRG) x (1+L) x (1+DF)] / (1-T)} -1
A18: Resultado do cálculo do BDI: | C18: =ROUND((((1+C10+C11)*(1+C12)*(1+C13))/(1-(C14+C15))-1),4) -> 0.227 | D18: 0.2143 | E18: 0.2717 | F18: 0.3362

Sheet 5. Depreciação
A1: 5. Depreciação Referencial TCE/RS (%)
A2: Idade do veículo (ano) | B2: Depreciação Média
A3: 1 | B3: 33.63
A4: 2 | B4: 43.13
A5: 3 | B5: 48.68
A6: 4 | B6: 52.62
A7: 5 | B7: 55.68
A8: 6 | B8: 58.18
A9: 7 | B9: 60.29
A10: 8 | B10: 62.12
A11: 9 | B11: 63.73
A12: 10 | B12: 65.18
A13: 11 | B13: 66.48
A14: 12 | B14: 67.67
... A17: 15 | B17: 70.73

Sheet 6.Remuneração de capital
A1: 6. Remuneração de Capital
A3: Fórmula de cálculo da remuneração de capital:
A12: Jm = remuneração de capital mensal
A13: i = taxa de juros do mercado (sugere-se adotar a taxa SELIC)
A14: Im = investimento médio
A15: V0 = valor inicial do bem
A16: Vr = valor residual do bem
A17: n = vida útil do bem em anos

Sheet 7. Cotações
A1: 7. Cotações
A3: COTAÇÃO 1
A4: DESCRIÇÃO | B4: UNIDADE | C4: COTAÇÃO 1 | D4: COTAÇÃO 2 | E4: COTAÇÃO 3 | F4: VALOR
A5: Divisória Naval | B5: m² | C5: 159 | D5: 140 | E5: 139.83 | F5: =SUM(C5+D5+E5)/3 -> 146.27667
A7: COTAÇÃO 2
A8: DESCRIÇÃO | B8: UNIDADE | C8: COTAÇÃO 1 | D8: COTAÇÃO 2 | E8: COTAÇÃO 3 | F8: VALOR
A9: Trinco Livre/Ocupado | B9: unidade | C9: 34.68 | D9: 66.64 | E9: 65.99 | F9: =SUM(C9+D9+E9)/3 -> 55.77
A11: COTAÇÃO 3
A12: DESCRIÇÃO | B12: UNIDADE | C12: COTAÇÃO 1 | D12: COTAÇÃO 2 | E12: COTAÇÃO 3 | F12: VALOR
A13: Pia Completa | B13: unidade | C13: 276.33 | D13: 183.75 | E13: 189 | F13: =SUM(C13+D13+E13)/3 -> 216.36
A15: COTAÇÃO 4
A16: DESCRIÇÃO | B16: UNIDADE | C16: COTAÇÃO 1 | D16: COTAÇÃO 2 | E16: COTAÇÃO 3 | F16: VALOR
A17: Sicilone Neutro 280g | B17: unidade | C17: 19.47 | D17: 22.94 | E17: 26.9 | F17: =SUM(C17+D17+E17)/3 -> 23.103333
A19: COTAÇÃO 5
A20: DESCRIÇÃO | B20: UNIDADE | C20: COTAÇÃO 1 | D20: COTAÇÃO 2 | E20: COTAÇÃO 3 | F20: VALOR
A21: Kit fixação (6 parafuso + buchas 8mm) | B21: unidade | C21: 5.93 | D21: 6.45 | E21: 4.6 | F21: =SUM(C21+D21+E21)/3 -> 5.66

Sheet 8. Composição
A1: 8. Composição
A3: Nome da composição
A4: FONTE | C4: CÓDIGO | D4: DESCRIÇÃO | F4: UNIDADE | G4: COEF. | H4: VALOR
A10: TOTAL | H10: =SUM(H5:H9) -> 0
A12: Nome da composição
A13: FONTE | C13: CÓDIGO | D13: DESCRIÇÃO | F13: UNIDADE | G13: COEF. | H13: VALOR
A19: TOTAL | H19: =SUM(H14:H18) -> 0
A21: Nome da composição
A22: FONTE | C22: CÓDIGO | D22: DESCRIÇÃO | F22: UNIDADE | G22: COEF. | H22: VALOR
A28: TOTAL | H28: =SUM(H23:H27) -> 0
A30: Nome da composição
A31: FONTE | C31: CÓDIGO | D31: DESCRIÇÃO | F31: UNIDADE | G31: COEF. | H31: VALOR
A37: TOTAL | H37: =SUM(H32:H36) -> 0
A39: Nome da composição
A40: FONTE | C40: CÓDIGO | D40: DESCRIÇÃO | F40: UNIDADE | G40: COEF. | H40: VALOR
A46: TOTAL | H46: =SUM(H41:H45) -> 0
A48: Nome da composição
A49: FONTE | C49: CÓDIGO | D49: DESCRIÇÃO | F49: UNIDADE | G49: COEF. | H49: VALOR
A55: TOTAL | H55: =SUM(H50:H54) -> 0
A57: Nome da composição
A58: FONTE | C58: CÓDIGO | D58: DESCRIÇÃO | F58: UNIDADE | G58: COEF. | H58: VALOR
A64: TOTAL | H64: =SUM(H59:H63) -> 0
A66: Nome da composição
A67: FONTE | C67: CÓDIGO | D67: DESCRIÇÃO | F67: UNIDADE | G67: COEF. | H67: VALOR
A73: TOTAL | H73: =SUM(H68:H72) -> 0
A75: Nome da composição
A76: FONTE | C76: CÓDIGO | D76: DESCRIÇÃO | F76: UNIDADE | G76: COEF. | H76: VALOR
A82: TOTAL | H82: =SUM(H77:H81) -> 0
A84: Nome da composição
A85: FONTE | C85: CÓDIGO | D85: DESCRIÇÃO | F85: UNIDADE | G85: COEF. | H85: VALOR
A91: TOTAL | H91: =SUM(H86:H90) -> 0

Sheet GERAL
A7: ESTADO DO RIO GRANDE DO SUL
A8: PREFEITURA MUNICIPAL DE CACHOEIRINHA
A9: SECRETARIA MUNICIPAL DE INFRAESTRUTURA E SERVIÇOS URBANOS - SMISU
A11: GERAL
A13: Discriminação | D13: Quantidade | F13: Valor Mensal
A14: LOTE 1 | D14: 3 meses | F14: ='1. LOTE 1'!E38 -> 209381.69
A16: LOTE 2 | D16: 3 meses | F16: ='2. LOTE 2'!E37 -> 133435.23
A18: VALOR GERAL MENSAL | F18: =SUM(F14:F17) -> 342816.92
A19: VALOR GERAL ANUAL | F19: =F18*3 -> 1028450.7
